 Dungeon Crawl Stone Soup version 0.28.0-43-g3370ac3207 (webtiles) character file.

Game seed: 7434501145765551016

86 choreboyy the Ducker (level 4, 0/34 HPs)
             Began as a Demonspawn Gladiator on Mar 13, 2022.
             Slain by a sky beast (4 damage)
             ... on level 3 of the Dungeon.
             The game lasted 00:08:09 (1866 turns).

choreboyy the Ducker (Demonspawn Gladiator)         Turns: 1866, Time: 00:08:10

Health: 0/34       AC:  4    Str: 16    XL:     4   Next: 26%
Magic:  4/4        EV: 13    Int:  9    God:
Gold:   136        SH:  0    Dex: 15    Spells: 3/3 levels left

rFire   . . .      SeeInvis .   l - +2 dagger (drain)
rCold   . . .      Faith    .   (no shield)
rNeg    . . .      Spirit   .   b - +0 leather armour
rPois   .          Reflect  .   c - +0 helmet
rElec   .          Harm     .   (no cloak)
rCorr   .          Rampage  .   (no gloves)
Will    .....                   (no boots)
Stlth   +.........              (no amulet)
HPRegen 0.11/turn               (no ring)
MPRegen 0.09/turn               (no ring)

@: no status effects
A: demonic guardian 1
a: no special abilities


You were on level 3 of the Dungeon.
You visited 1 branch of the dungeon, and saw 3 of its levels.

You collected 136 gold pieces.

Inventory:

Hand Weapons
 a - a +0 war axe
 k - the +0 dagger of the Five Eyes {flame, *Rage rElec Will+++ Str+2}
   (You found it on level 3 of the Dungeon)

   It burns those it strikes, dealing additional fire damage.
   Str:       It affects your strength (+2).
   rElec:     It insulates you from electricity.
   *Rage:     It berserks you when you make melee attacks (+20% chance).
   Will:      It greatly increases your willpower.
 l - a +2 dagger of draining (weapon)
Missiles
 d - 3 throwing nets (quivered)
Armour
 b - a +0 leather armour (worn)
 c - a +0 helmet (worn)
Scrolls
 f - 5 scrolls of identify
 g - 4 scrolls of noise
Potions
 e - a potion of brilliance {unknown}
 h - 2 potions of attraction {unknown}
 i - a potion of mutation {unknown}
 j - a potion of might {unknown}


   Skills:
 + Level 2.9 Fighting
 - Level 2.8 Axes
 - Level 2.0 Throwing
 + Level 1.3 Armour
 - Level 3.6 Dodging


You had 3 spell levels left.
You didn't know any spells.
Your spell library was empty.

Dungeon Overview and Level Annotations

Branches:
Dungeon (3/15)

Altars:
Gozag

Shops:
D:2 (


Innate Abilities, Weirdness & Mutations

A weak demonic guardian rushes to your aid.


Message History

The ball python bites you. The ball python grabs you.
The ball python constricts you. The ball python closely misses you.
The ball python constricts you.
You hit the ball python. You drain the ball python.
You kill the ball python!
You now have 136 gold pieces (gained 7).
A hobgoblin, a quokka, a gnoll and a kobold come into view.
Found a club.
The hobgoblin shouts!
The gnoll shouts!
You hear an angry hiss.
The kobold shouts!
You hear a shout!
An adder comes into view.
A sky beast comes into view.
The adder moves out of view.
A ball python comes into view.
The ball python moves out of view.
g - 4 scrolls of noise (gained 1)
A sky beast is nearby!
You closely miss the sky beast. The sky beast misses you.
You barely miss the sky beast. The sky beast hits you.
The sky beast shocks you.
You miss the sky beast. The sky beast hits you. The sky beast shocks you.
You barely miss the sky beast. The sky beast closely misses you.
You hit the sky beast.
The sky beast is lightly wounded.
The sky beast misses you.
You barely miss the sky beast.
The sky beast is lightly wounded.
The sky beast flickers out of sight!
Deactivating autopickup; reactivate with Ctrl-A.
Something hits you but does no damage.
You miss something. Something hits you. Something shocks you.
You hit something. Something barely misses you.
You hit something. Something hits you but does no damage.
You completely miss something. Something hits you.
* * * LOW HITPOINT WARNING * * *
A demonic guardian appears!
Something shocks you.
* * * LOW HITPOINT WARNING * * *
You hit something but do no damage.
A sky beast appears from thin air!
Reactivating autopickup.
The sky beast hits you.
You die...

#..§§≈≈§##### #.
.§§......# #.#
........## ###.
#$.........
#...###..........
#...#...........(
#..#..##.........
##.5Y###.........
#####....@...........
#......###.........#
#.............#..#.#
#.....##......#.#..#
#........###....#.##
#.....#### #...##.#
#..... #...##.####
###### ##.......)####
#..#..##....##


You could see a sky beast and a friendly iron imp (summoned).

Vanquished Creatures
  Jessica (D:2)
  4 ball pythons
  A bat (D:1)
  4 endoplasms
  10 goblins
  4 hobgoblins (D:2)
  7 jackals
  3 kobolds (D:1)
  A quokka (D:1)
  5 frilled lizards
  A rat (D:1)
41 creatures vanquished.

Vanquished Creatures (collateral kills)
  Robin (D:2)
  2 goblins (D:2)
3 creatures vanquished.

Vanquished Creatures (others)
  An adder (D:3)
  A rat (D:3)
  4 toadstools (D:1)
6 creatures vanquished.

Grand Total: 50 creatures vanquished

Notes
Turn   | Place    | Note
-------+----------+-------------------------------------------
     0 | D:1      | choreboyy the Demonspawn Gladiator began the quest for the
                  | Orb.
     0 | D:1      | Reached XP level 1. HP: 16/16 MP: 1/1
    78 | D:1      | Gained mutation: A weak demonic guardian rushes to your
                  | aid. [demonic ancestry]
    78 | D:1      | Reached XP level 2. HP: 20/22 MP: 2/2
   277 | D:1      | Reached skill level 3 in Dodging
   624 | D:2      | Found an opulent altar of Gozag.
   652 | D:2      | Noticed Robin
   657 | D:2      | Reached XP level 3. HP: 24/28 MP: 3/3
   660 | D:2      | Killed Robin
   956 | D:2      | Found Limykuen's Weapon Shop.
  1479 | D:2      | Noticed Jessica
  1481 | D:2      | Reached skill level 1 in Armour
  1489 | D:2      | Killed Jessica
  1490 | D:2      | Reached XP level 4. HP: 28/34 MP: 4/4
  1812 | D:3      | Identified the +0 dagger of the Five Eyes {flame, *Rage
                  | rElec Will+++ Str+2}
  1843 | D:3      | Noticed a sky beast
  1866 | D:3      | Slain by a sky beast

Illustrated notes

Levels and vault maps discovered:
D:1:      ldierk_water_garden, layout_rooms
D:2:      layout_basic, basic_altar, serial_shops, nicolae_diamond_shop,
          uniq_robin, uniq_jessica
D:3:      layout_rooms, overflow_temple_1_default, xom_confusion_cloud,
          shapermc_ecumenical_altar_pompeii, kennysheep_generic_room_11

Skill      XL: |  1  2  3 |
---------------+----------+-----
Throwing       | 2 |  2.0
Dodging        | 3 |  3.6
Armour         | 1 |  1.3
Fighting       | |  2.9
Axes           | |  2.8

Action                   |  1- 3 |  4- 6 || total
-------------------------+-------+-------++-------
Melee: War axe           |    70 |     9 ||    79
       Dagger            |       |    12 ||    12
  Use: Scroll            |       |     1 ||     1
 Stab: Sleeping          |     1 |       ||     1
Armor: Leather armour    |    33 |     6 ||    39
Dodge: Dodged            |    52 |    19 ||    71
